Los Angeles Kings vs Washington Capitals
Created - Friday, December 15, 2023 at 07:26
Goals
|
| Los Angeles Kings |
0 |
1 |
3 |
4 |
| Washington Capitals |
0 |
1 |
1 |
2 |
|
Shots
|
| Los Angeles Kings |
4 |
6 |
12 |
22 |
| Washington Capitals |
10 |
10 |
18 |
38 |
|
1st period
No Goal
Penalties :
Erik Cernak (WSH) for Hooking (Minor) at 11:46
2nd period
1. Los Angeles Kings , Marco Rossi 2 (K'Andre Miller 27, Alexander Romanov 16) at 6:51
2. Washington Capitals , Jordan Kyrou 19 (Brad Marchand 16) at 7:18
Penalties :
Erik Cernak (WSH) for Interference (Minor) at 4:19, Nico Hischier (WSH) for Interference (Minor) at 18:57
3rd period
3. Los Angeles Kings , Vitali Kravtsov 12 (Alexander Radulov 24, K'Andre Miller 28) at 1:45
4. Los Angeles Kings , Marco Rossi 3 (Cooper Marody 19, John Gibson) at 7:19
5. Washington Capitals , Nico Hischier 22 (Brad Marchand 17, David Savard 15) at 7:59 (SH)
6. Los Angeles Kings , Andrei Kuzmenko 21 (Andrei Svechnikov 31, Noah Dobson 30) at 8:31 (PP)
Penalties :
David Savard (WSH) for Interference (Minor) at 2:39, Ian Cole (WSH) for High sticking (Minor) at 7:41, Joshua Brown (LAK) for Boarding (Minor) at 9:09, Nicklas Backstrom (LAK) for Hooking (Minor) at 10:01, Joshua Brown (LAK) for Hooking (Minor) at 15:13
Goalie Stats
John Gibson (LAK), 36 saves from 38 shots - (0.947), W, 15-32-6, 60:00 minutes
Jake Oettinger (WSH), 18 saves from 22 shots - (0.818), L, 29-29-7, 60:00 minutes
Players Stats for Los Angeles Kings
Player Name G A P +/- PIM S H SB GA TA FO MP PP MP PK MP
------------------------------------------------------------------------------------
Alexander Radulov 0 1 1 2 0 4 1 1 0 0 0/1 11:23 0:19 0:00
Alexander Romanov 0 1 1 1 0 0 4 0 0 1 0/0 23:36 4:08 2:54
Andrei Kuzmenko 1 0 1 -1 0 4 1 1 0 0 1/4 18:07 4:20 0:00
Andrei Svechnikov 0 1 1 -1 0 1 1 0 1 1 1/5 19:57 4:26 1:55
Cooper Marody 0 1 1 1 0 0 1 0 1 0 2/3 8:03 0:00 0:00
Erik Brannstrom 0 0 0 1 0 1 0 1 0 0 0/0 15:52 0:00 1:56
Jakub Zboril 0 0 0 1 0 1 0 2 0 0 0/0 12:57 0:00 0:00
Joshua Brown 0 0 0 -1 4 0 0 1 0 3 0/0 20:33 4:38 0:02
K'Andre Miller 0 2 2 1 0 2 0 0 0 2 0/0 23:36 4:08 2:54
Kirby Dach 0 0 0 -1 0 0 2 0 1 2 6/14 20:08 4:26 2:06
Marco Rossi 2 0 2 1 0 3 0 0 0 0 0/0 9:16 0:29 0:00
Nicklas Backstrom 0 0 0 -1 2 3 0 0 0 0 10/18 19:03 4:01 1:35
Noah Dobson 0 1 1 -1 0 1 0 0 0 0 0/0 23:27 4:38 1:56
Peyton Krebs 0 0 0 2 0 0 2 0 0 0 2/5 12:15 0:00 0:39
Ryan Reaves 0 0 0 1 0 0 1 0 0 0 0/0 8:37 0:19 0:00
Seth Jarvis 0 0 0 -1 0 0 3 1 1 0 0/1 19:43 4:01 2:15
Trent Frederic 0 0 0 -1 0 1 1 0 0 1 0/1 17:02 3:57 0:00
Vitali Kravtsov 1 0 1 2 0 1 0 0 0 0 0/1 10:25 0:00 0:00
Players Stats for Washington Capitals
Player Name G A P +/- PIM S H SB GA TA FO MP PP MP PK MP
------------------------------------------------------------------------------------
Alex Ovechkin 0 0 0 0 0 4 2 0 1 0 2/2 19:42 3:03 0:00
Brad Marchand 0 2 2 2 0 3 4 1 1 0 1/3 17:49 0:00 5:38
Brayden Point 0 0 0 0 0 6 0 0 1 0 12/19 19:48 3:03 0:06
Cody Glass 0 0 0 -3 0 1 0 0 0 0 3/5 8:05 0:00 0:00
David Savard 0 1 1 2 2 1 1 1 0 0 0/0 23:59 3:06 4:55
Dominik Kubalik 0 0 0 -3 0 2 1 1 2 0 1/3 11:40 0:00 2:40
Drake Batherson 0 0 0 0 0 2 0 0 0 0 0/0 9:40 0:00 0:00
Erik Cernak 0 0 0 0 4 1 1 0 0 0 0/0 19:47 1:44 2:35
Erik Johnson 0 0 0 0 0 1 3 1 0 0 0/0 17:07 0:00 1:47
Ian Cole 0 0 0 -1 2 1 0 1 0 1 0/0 19:42 0:00 5:28
Jason Robertson 0 0 0 0 0 4 1 2 0 0 0/0 19:41 3:00 0:00
Jason Zucker 0 0 0 -3 0 2 1 0 1 0 0/0 8:32 0:00 0:15
John Carlson 0 0 0 -2 0 0 2 0 1 0 0/0 20:14 3:06 0:12
Jordan Kyrou 1 0 1 1 0 4 0 0 1 0 2/3 13:28 1:47 0:00
Nick Foligno 0 0 0 0 0 2 1 1 0 0 1/4 13:06 0:03 3:18
Nick Jensen 0 0 0 -1 0 0 0 0 0 2 0/0 19:08 1:44 2:35
Nico Hischier 1 0 1 2 2 2 2 0 2 1 8/12 17:31 1:47 3:55
Owen Tippett 0 0 0 0 0 2 0 1 0 0 1/2 12:10 1:47 1:40
3 Stars
1 - Marco Rossi (LAK)
2 - John Gibson (LAK)
3 - Brad Marchand (WSH)
Power Play
Los Angeles Kings - 1 on 5 Attempt(s) - 20.00%
Washington Capitals - 0 on 3 Attempt(s) - 0.00%
Penalty Kill
Los Angeles Kings - 3 on 3 Attempt(s) - 100.00%
- Score 0 goal in Penalty Kill
Washington Capitals - 4 on 5 Attempt(s) - 80.00%
- Score 1 goal in Penalty Kill
Team Stat
Los Angeles Kings - Hits : 17 - Faceoff Wins : 22 - Blocked Shots : 7 - Penalty Minutes : 6
Washington Capitals - Hits : 19 - Faceoff Wins : 31 - Blocked Shots : 9 - Penalty Minutes : 10
Official
Referees : Jon Mclsaac and Mike Hasenfratz
Linesman : Vaughan Rody and John Grandt
Game Notes
No Game Note
Finance
Level 1 -- Attendance: 5334 (88.90%) -- Ticket Income $506,730
Level 2 -- Attendance: 4347 (86.94%) -- Ticket Income $239,085
Level 3 -- Attendance: 2928 (97.60%) -- Ticket Income $96,624
Level 4 -- Attendance: 4495 (89.90%) -- Ticket Income $98,890
Luxury Box -- Attendance: 717 (71.70%) -- Ticket Income $139,815
Game was played at the Verizon Center.
Total Attendance: 17821 (89.11%)
Total Ticket Income: $1,081,144
Other Income: $378,400
Total Income: $1,459,544
Los Angeles Kings
5 vs 5 Forward
Center Left Wing Right Wing Time % Phy DF OF
1 Kirby Dach Andrei Svechnikov Andrei Kuzmenko 30 1 2 2
2 Nicklas Backstrom Trent Frederic Seth Jarvis 30 1 2 2
3 Peyton Krebs Vitali Kravtsov Alexander Radulov 25 1 2 2
4 Cooper Marody Marco Rossi Ryan Reaves 15 1 2 2
5 vs 5 Defense
Defense Defense Time % Phy DF OF
1 K'Andre Miller Alexander Romanov 35 1 2 2
2 Noah Dobson Joshua Brown 35 1 2 2
3 Erik Brannstrom Jakub Zboril 30 1 2 2
4 K'Andre Miller Alexander Romanov 0 1 2 2
PowerPlay Forward
Center Left Wing Right Wing Time % Phy DF OF
1 Kirby Dach Andrei Svechnikov Andrei Kuzmenko 50 1 2 2
2 Nicklas Backstrom Trent Frederic Seth Jarvis 50 1 2 2
PowerPlay Defense
Defense Defense Time % Phy DF OF
1 K'Andre Miller Alexander Romanov 50 1 2 2
2 Noah Dobson Joshua Brown 50 1 2 2
Penalty Kill 4 Players Forward
Center Wing Time % Phy DF OF
1 Andrei Svechnikov Kirby Dach 50 1 2 2
2 Seth Jarvis Nicklas Backstrom 50 1 2 2
Penalty Kill 4 Players Defense
Defense Defense Time % Phy DF OF
1 K'Andre Miller Alexander Romanov 50 1 2 2
2 Noah Dobson Erik Brannstrom 50 1 2 2
Penalty Kill - 3 Players Forward
Forward Time % Phy DF OF
1 Andrei Svechnikov 50 1 2 2
2 Kirby Dach 50 1 2 2
Penalty Kill - 3 Players Defense
Defense Defense Time % Phy DF OF
1 K'Andre Miller Alexander Romanov 50 1 2 2
2 Noah Dobson Erik Brannstrom 50 1 2 2
4 vs 4 Forward
Center Wing Time % Phy DF OF
1 Andrei Svechnikov Kirby Dach 50 1 2 2
2 Peyton Krebs Nicklas Backstrom 50 1 2 2
4 vs 4 Defense
Defense Defense Time % Phy DF OF
1 K'Andre Miller Alexander Romanov 50 1 2 2
2 Noah Dobson Joshua Brown 50 1 2 2
Last Minutes Offensive
Center Left Wing Right Wing Defense Defense
Kirby Dach Andrei Svechnikov Andrei Kuzmenko K'Andre Miller Alexander Romanov
Last Minutes Defensive
Center Left Wing Right Wing Defense Defense
Kirby Dach Andrei Svechnikov Andrei Kuzmenko K'Andre Miller Alexander Romanov
Goaltenders
Starting : John Gibson
Backup : Jesper Wallstedt
Extra Forwards
Normal : Marco Rossi, Alexander Radulov, Peyton Krebs - PP : Marco Rossi, Alexander Radulov - PK : Peyton Krebs
Extra Defensemen
Normal : Joshua Brown, Erik Brannstrom, Noah Dobson - PP : Joshua Brown - PK : Erik Brannstrom, Noah Dobson
Penalty Shots
Andrei Svechnikov, Kirby Dach, Alexander Radulov, Nicklas Backstrom, Seth Jarvis
Washington Capitals
5 vs 5 Forward
Center Left Wing Right Wing Time % Phy DF OF
1 Brayden Point Alex Ovechkin Jason Robertson 40 1 0 4
2 Nico Hischier Brad Marchand Jordan Kyrou 30 1 0 4
3 Nick Foligno Owen Tippett Drake Batherson 20 1 1 3
4 Cody Glass Dominik Kubalik Jason Zucker 10 1 1 3
5 vs 5 Defense
Defense Defense Time % Phy DF OF
1 Erik Cernak David Savard 35 2 3 0
2 John Carlson Ian Cole 35 2 3 0
3 Nick Jensen Erik Johnson 30 2 3 0
4 Erik Cernak David Savard 0 2 3 0
PowerPlay Forward
Center Left Wing Right Wing Time % Phy DF OF
1 Brayden Point Alex Ovechkin Jason Robertson 60 1 2 2
2 Nico Hischier Owen Tippett Jordan Kyrou 40 1 2 2
PowerPlay Defense
Defense Defense Time % Phy DF OF
1 John Carlson David Savard 60 1 2 2
2 Nick Jensen Erik Cernak 40 1 2 2
Penalty Kill 4 Players Forward
Center Wing Time % Phy DF OF
1 Nico Hischier Brad Marchand 60 1 2 2
2 Nick Foligno Owen Tippett 40 1 2 2
Penalty Kill 4 Players Defense
Defense Defense Time % Phy DF OF
1 David Savard Ian Cole 60 1 2 2
2 Nick Jensen Erik Cernak 40 1 2 2
Penalty Kill - 3 Players Forward
Forward Time % Phy DF OF
1 Nico Hischier 60 1 2 2
2 Nick Foligno 40 1 2 2
Penalty Kill - 3 Players Defense
Defense Defense Time % Phy DF OF
1 David Savard Ian Cole 60 1 2 2
2 Nick Jensen Erik Cernak 40 1 2 2
4 vs 4 Forward
Center Wing Time % Phy DF OF
1 Brayden Point Jason Robertson 60 1 2 2
2 Nico Hischier Alex Ovechkin 40 1 2 2
4 vs 4 Defense
Defense Defense Time % Phy DF OF
1 John Carlson David Savard 60 1 2 2
2 Erik Cernak Nick Jensen 40 1 2 2
Last Minutes Offensive
Center Left Wing Right Wing Defense Defense
Brayden Point Alex Ovechkin Jason Robertson Nick Jensen John Carlson
Last Minutes Defensive
Center Left Wing Right Wing Defense Defense
Nico Hischier Brad Marchand Nick Foligno David Savard Ian Cole
Goaltenders
Starting : Jake Oettinger
Backup : Sergei Bobrovsky
Extra Forwards
Normal : Jordan Kyrou, Drake Batherson, Dominik Kubalik - PP : Owen Tippett, Brayden Point - PK : Dominik Kubalik
Extra Defensemen
Normal : Erik Johnson, John Carlson, Ian Cole - PP : David Savard - PK : Erik Cernak, David Savard
Penalty Shots
Jason Robertson, Drake Batherson, Brayden Point, Cody Glass, David Savard
% Time on Ice - Los Angeles Kings
Lines # - Real PCT - Wanted PCT - Time Play
Normal Forward
1 - 30% - 30% - 14:08
2 - 30% - 30% - 14:00
3 - 22% - 25% - 10:13
4 - 17% - 15% - 8:03
Normal Defense
1 - 36% - 35% - 16:34
2 - 36% - 35% - 16:53
3 - 28% - 30% - 12:57
4 - 0% - 0% - 0:00
PP Forward
1 - 51% - 50% - 4:26
2 - 49% - 50% - 4:20
PP Defense
1 - 47% - 50% - 4:08
2 - 53% - 50% - 4:38
PK Forward
1 - 39% - 50% - 1:26
2 - 61% - 50% - 2:17
PK Defense
1 - 53% - 50% - 1:58
2 - 47% - 50% - 1:45
PK3 Forward
1 - 43% - 50% - 0:29
2 - 57% - 50% - 0:38
PK3 Defense
1 - 84% - 50% - 0:56
2 - 16% - 50% - 0:11
44 Forward
1 - 0% - 50%
2 - 0% - 50%
44 Defense
1 - 0% - 50%
2 - 0% - 50%
Last Minute Offensive - 0:00
Last Minute Defensive - 0:00
Total
Forward - 60:00
Defense - 60:00
|
% Time on Ice - Washington Capitals
Lines # - Real PCT - Wanted PCT - Time Play
Normal Forward
1 - 38% - 40% - 17:27
2 - 26% - 30% - 12:13
3 - 19% - 20% - 8:39
4 - 17% - 10% - 8:05
Normal Defense
1 - 34% - 35% - 15:53
2 - 35% - 35% - 16:21
3 - 30% - 30% - 13:54
4 - 1% - 0% - 0:16
PP Forward
1 - 63% - 60% - 3:03
2 - 37% - 40% - 1:47
PP Defense
1 - 64% - 60% - 3:06
2 - 36% - 40% - 1:44
PK Forward
1 - 81% - 60% - 7:06
2 - 19% - 40% - 1:40
PK Defense
1 - 65% - 60% - 5:44
2 - 35% - 40% - 3:02
PK3 Forward
1 - 0% - 60%
2 - 0% - 40%
PK3 Defense
1 - 0% - 60%
2 - 0% - 40%
44 Forward
1 - 0% - 60%
2 - 0% - 40%
44 Defense
1 - 0% - 60%
2 - 0% - 40%
Last Minute Offensive - 0:00
Last Minute Defensive - 0:00
Total
Forward - 60:00
Defense - 60:00
|
Play-by-Play
1st period
0:01 of 1st period - Alex Ovechkin wins face-off versus Kirby Dach in neutral zone.
0:06 of 1st period - Wrist shot by Brayden Point.
0:06 of 1st period - Shot Misses the Net.
0:53 of 1st period - Snap shot by Drake Batherson.
0:53 of 1st period - Shot Hit the Post.
0:55 of 1st period - Snap shot by Nick Foligno.
0:55 of 1st period - Shot Misses the Net.
0:57 of 1st period - Wrist shot by Nick Foligno.
0:57 of 1st period - Shot Misses the Net.
0:59 of 1st period - Snap shot by Owen Tippett.
0:59 of 1st period - Stopped by John Gibson without a rebound.
1:00 of 1st period - Cooper Marody wins face-off versus Cody Glass in Los Angeles Kings zone.
1:07 of 1st period - Slapshot by Jakub Zboril.
1:07 of 1st period - Stopped by Jake Oettinger without a rebound.
1:08 of 1st period - Cody Glass wins face-off versus Cooper Marody in Washington Capitals zone.
1:15 of 1st period - Wrist shot by Cody Glass.
1:15 of 1st period - Shot Blocked by Jakub Zboril.
2:20 of 1st period - Off-side.
2:21 of 1st period - Nicklas Backstrom wins face-off versus Brayden Point in neutral zone.
4:20 of 1st period - Slapshot by Andrei Kuzmenko.
4:20 of 1st period - Stopped by Jake Oettinger without a rebound.
4:21 of 1st period - Jordan Kyrou wins face-off versus Kirby Dach in Washington Capitals zone.
5:17 of 1st period - Slapshot by Drake Batherson.
5:17 of 1st period - Shot Misses the Net.
5:19 of 1st period - Slapshot by John Carlson.
5:19 of 1st period - Shot Misses the Net.
5:49 of 1st period - Alexander Romanov is hit by Brad Marchand and loses puck.
6:14 of 1st period - David Savard is hit by Alexander Radulov and loses puck.
6:45 of 1st period - Wrist shot by Drake Batherson.
6:45 of 1st period - Stopped by John Gibson with a rebound.
6:47 of 1st period - Slapshot by Nick Foligno.
6:47 of 1st period - Stopped by John Gibson with a rebound.
6:49 of 1st period - Slapshot by Erik Cernak.
6:49 of 1st period - Shot Misses the Net.
7:29 of 1st period - Wrist shot by Alexander Radulov.
7:29 of 1st period - Deflect By Vitali Kravtsov.
7:29 of 1st period - Shot Misses the Net.
7:29 of 1st period - Puck is out of play.
7:30 of 1st period - Cody Glass wins face-off versus Alexander Radulov in Washington Capitals zone.
7:35 of 1st period - Alexander Romanov is hit by Erik Johnson.
7:39 of 1st period - K'Andre Miller is hit by Dominik Kubalik.
7:43 of 1st period - Slapshot by Alexander Radulov.
7:43 of 1st period - Stopped by Jake Oettinger with a rebound.
7:51 of 1st period - Slapshot by Jason Zucker.
7:51 of 1st period - Deflect By Cody Glass.
7:51 of 1st period - Deflect By K'Andre Miller.
7:51 of 1st period - Shot Misses the Net.
7:51 of 1st period - Puck is out of play.
7:52 of 1st period - Kirby Dach wins face-off versus Brayden Point in Los Angeles Kings zone.
8:05 of 1st period - Snap shot by Andrei Svechnikov.
8:05 of 1st period - Shot Misses the Net.
8:19 of 1st period - Ryan Reaves is hit by Brad Marchand and loses puck.
8:40 of 1st period - Snap shot by Dominik Kubalik.
8:40 of 1st period - Stopped by John Gibson with a rebound.
8:59 of 1st period - Icing by Marco Rossi.
9:00 of 1st period - Cooper Marody wins face-off versus Nick Foligno in Los Angeles Kings zone.
9:04 of 1st period - Off-side.
9:05 of 1st period - Nicklas Backstrom wins face-off versus Owen Tippett in neutral zone.
9:42 of 1st period - Slapshot by Jason Robertson.
9:42 of 1st period - Deflect By Alex Ovechkin.
9:42 of 1st period - Stopped by John Gibson without a rebound.
9:43 of 1st period - Nicklas Backstrom wins face-off versus Nico Hischier in Los Angeles Kings zone.
9:58 of 1st period - Wrist shot by Jordan Kyrou.
9:58 of 1st period - Stopped by John Gibson with a rebound.
10:54 of 1st period - Snap shot by Owen Tippett.
10:54 of 1st period - Shot Blocked by Seth Jarvis.
10:56 of 1st period - Snap shot by Nick Foligno.
10:56 of 1st period - Shot Misses the Net.
10:58 of 1st period - Snap shot by Owen Tippett.
10:58 of 1st period - Stopped by John Gibson with a rebound.
11:00 of 1st period - Slapshot by Nick Jensen.
11:00 of 1st period - Shot Misses the Net.
11:02 of 1st period - Slapshot by Nick Jensen.
11:02 of 1st period - Shot Misses the Net.
11:04 of 1st period - Slapshot by Erik Johnson.
11:04 of 1st period - Shot Blocked by Joshua Brown.
11:08 of 1st period - Snap shot by Drake Batherson.
11:08 of 1st period - Stopped by John Gibson without a rebound.
11:09 of 1st period - Brayden Point wins face-off versus Kirby Dach in Los Angeles Kings zone.
11:18 of 1st period - Jason Robertson is hit by Alexander Romanov and loses puck.
11:46 of 1st period - Minor Penalty to Erik Cernak for Hooking.
11:47 of 1st period - Kirby Dach wins face-off versus Nico Hischier in Washington Capitals zone.
11:49 of 1st period - Slapshot by Andrei Svechnikov.
11:49 of 1st period - Shot Blocked by Brad Marchand.
13:42 of 1st period - Brad Marchand is hit by Andrei Kuzmenko.
13:46 of 1st period - Penalty to Erik Cernak is over, Erik Cernak is back on ice.
14:23 of 1st period - Icing by Erik Johnson.
14:24 of 1st period - Nick Foligno wins face-off versus Vitali Kravtsov in Washington Capitals zone.
14:54 of 1st period - Snap shot by Alex Ovechkin.
14:54 of 1st period - Stopped by John Gibson with a rebound.
14:56 of 1st period - Snap shot by Erik Johnson.
14:56 of 1st period - Stopped by John Gibson without a rebound.
14:57 of 1st period - Nico Hischier wins face-off versus Nicklas Backstrom in Los Angeles Kings zone.
15:55 of 1st period - Wrist shot by Alexander Radulov.
15:55 of 1st period - Stopped by Jake Oettinger with a rebound.
15:57 of 1st period - Wrist shot by Alexander Romanov.
15:57 of 1st period - Shot Blocked by Owen Tippett.
15:59 of 1st period - Slapshot by Alexander Romanov.
15:59 of 1st period - Shot Misses the Net.
17:32 of 1st period - Backhand shot by Seth Jarvis.
17:32 of 1st period - Shot Misses the Net.
17:34 of 1st period - Wrist shot by Joshua Brown.
17:34 of 1st period - Shot Misses the Net.
18:18 of 1st period - Nick Jensen is hit by Peyton Krebs and loses puck.
18:39 of 1st period - Erik Johnson is hit by Kirby Dach and loses puck.
18:51 of 1st period - Icing by Andrei Kuzmenko.
18:52 of 1st period - Nicklas Backstrom wins face-off versus Nick Foligno in Los Angeles Kings zone.
19:24 of 1st period - Brayden Point is hit by Andrei Svechnikov and loses puck.
19:45 of 1st period - Snap shot by Dominik Kubalik.
19:45 of 1st period - Shot Blocked by Andrei Kuzmenko.
19:47 of 1st period - Snap shot by Jason Zucker.
19:47 of 1st period - Shot Misses the Net.
Goals for this period are 0 for Los Angeles Kings vs 0 for Washington Capitals.
Shots for this period are 4 for Los Angeles Kings vs 10 for Washington Capitals.
2nd period
0:01 of 2nd period - Brayden Point wins face-off versus Peyton Krebs in neutral zone.
1:17 of 2nd period - Ryan Reaves is hit by Jason Robertson and loses puck.
1:39 of 2nd period - Snap shot by Jason Zucker.
1:39 of 2nd period - Shot Blocked by Alexander Radulov.
1:41 of 2nd period - Slapshot by Erik Johnson.
1:41 of 2nd period - Shot Misses the Net.
1:43 of 2nd period - Snap shot by Dominik Kubalik.
1:43 of 2nd period - Shot Blocked by Jakub Zboril.
1:53 of 2nd period - Peyton Krebs is hit by Nico Hischier and loses puck.
3:01 of 2nd period - Slapshot by K'Andre Miller.
3:01 of 2nd period - Stopped by Jake Oettinger without a rebound.
3:02 of 2nd period - Brayden Point wins face-off versus Kirby Dach in Washington Capitals zone.
3:02 of 2nd period - Brayden Point is hit by Kirby Dach.
3:28 of 2nd period - Brad Marchand is hit by Alexander Romanov.
3:34 of 2nd period - Wrist shot by Seth Jarvis.
3:34 of 2nd period - Shot Misses the Net.
3:36 of 2nd period - Snap shot by Nicklas Backstrom.
3:36 of 2nd period - Stopped by Jake Oettinger with a rebound.
3:40 of 2nd period - Snap shot by Trent Frederic.
3:40 of 2nd period - Shot Misses the Net.
3:55 of 2nd period - Off-side.
3:56 of 2nd period - Brayden Point wins face-off versus Andrei Kuzmenko in neutral zone.
4:13 of 2nd period - Wrist shot by Brayden Point.
4:13 of 2nd period - Stopped by John Gibson without a rebound.
4:14 of 2nd period - Peyton Krebs wins face-off versus Brad Marchand in Los Angeles Kings zone.
4:14 of 2nd period - Peyton Krebs is hit by Brad Marchand.
4:19 of 2nd period - Minor Penalty to Erik Cernak for Interference.
4:20 of 2nd period - Andrei Kuzmenko wins face-off versus Brad Marchand in Washington Capitals zone.
6:19 of 2nd period - Penalty to Erik Cernak is over, Erik Cernak is back on ice.
6:30 of 2nd period - Vitali Kravtsov is hit by Erik Johnson and loses puck.
6:51 of 2nd period - Slapshot by K'Andre Miller.
6:51 of 2nd period - Deflect By Marco Rossi.
6:51 of 2nd period - Goal by Marco Rossi - Los Angeles Kings : 1 - Washington Capitals : 0.
6:52 of 2nd period - Brayden Point wins face-off versus Nicklas Backstrom in neutral zone.
7:12 of 2nd period - Icing by Joshua Brown.
7:13 of 2nd period - Jordan Kyrou wins face-off versus Nicklas Backstrom in Los Angeles Kings zone.
7:14 of 2nd period - Snap shot by Brad Marchand.
7:14 of 2nd period - Stopped by John Gibson with a rebound.
7:16 of 2nd period - Backhand shot by Jordan Kyrou.
7:16 of 2nd period - Stopped by John Gibson with a rebound.
7:18 of 2nd period - Wrist shot by Jordan Kyrou.
7:18 of 2nd period - Goal by Jordan Kyrou - Los Angeles Kings : 1 - Washington Capitals : 1.
7:19 of 2nd period - Kirby Dach wins face-off versus Brayden Point in neutral zone.
7:28 of 2nd period - Snap shot by Brayden Point.
7:28 of 2nd period - Stopped by John Gibson without a rebound.
7:29 of 2nd period - Brayden Point wins face-off versus Kirby Dach in Los Angeles Kings zone.
7:46 of 2nd period - Snap shot by Kirby Dach.
7:46 of 2nd period - Shot Blocked by Jason Robertson.
8:18 of 2nd period - Wrist shot by Brayden Point.
8:18 of 2nd period - Deflect By Noah Dobson.
8:18 of 2nd period - Shot Misses the Net.
8:18 of 2nd period - Puck is out of play.
8:19 of 2nd period - Nicklas Backstrom wins face-off versus Nico Hischier in Los Angeles Kings zone.
8:19 of 2nd period - Nicklas Backstrom is hit by John Carlson.
8:25 of 2nd period - Slapshot by Nicklas Backstrom.
8:25 of 2nd period - Stopped by Jake Oettinger without a rebound.
8:26 of 2nd period - Nico Hischier wins face-off versus Nicklas Backstrom in Washington Capitals zone.
8:43 of 2nd period - Icing by Jordan Kyrou.
8:44 of 2nd period - Nico Hischier wins face-off versus Peyton Krebs in Washington Capitals zone.
8:58 of 2nd period - Snap shot by Alexander Radulov.
8:58 of 2nd period - Stopped by Jake Oettinger with a rebound.
9:00 of 2nd period - Snap shot by Erik Brannstrom.
9:00 of 2nd period - Stopped by Jake Oettinger without a rebound.
9:01 of 2nd period - Brayden Point wins face-off versus Nicklas Backstrom in Washington Capitals zone.
9:28 of 2nd period - Nick Jensen is hit by Alexander Romanov and loses puck.
9:55 of 2nd period - Peyton Krebs is hit by Jason Zucker and loses puck.
10:14 of 2nd period - David Savard is hit by Alexander Romanov and loses puck.
10:47 of 2nd period - Jason Robertson is hit by Seth Jarvis and loses puck.
11:04 of 2nd period - Snap shot by Nico Hischier.
11:04 of 2nd period - Shot Misses the Net.
11:26 of 2nd period - Off-side.
11:27 of 2nd period - Cody Glass wins face-off versus Kirby Dach in neutral zone.
12:23 of 2nd period - Wrist shot by Jordan Kyrou.
12:23 of 2nd period - Shot Misses the Net.
12:33 of 2nd period - Noah Dobson is hit by John Carlson and loses puck.
12:58 of 2nd period - Erik Brannstrom is hit by Alex Ovechkin and loses puck.
13:44 of 2nd period - Snap shot by Vitali Kravtsov.
13:44 of 2nd period - Shot Misses the Net.
13:46 of 2nd period - Slapshot by Alexander Romanov.
13:46 of 2nd period - Shot Blocked by David Savard.
14:06 of 2nd period - Wrist shot by Cooper Marody.
14:06 of 2nd period - Shot Misses the Net.
14:24 of 2nd period - Wrist shot by Nick Foligno.
14:24 of 2nd period - Stopped by John Gibson with a rebound.
14:26 of 2nd period - Slapshot by Ian Cole.
14:26 of 2nd period - Shot Misses the Net.
14:44 of 2nd period - Snap shot by Cody Glass.
14:44 of 2nd period - Stopped by John Gibson with a rebound.
15:05 of 2nd period - Peyton Krebs is hit by David Savard and loses puck.
15:20 of 2nd period - Erik Johnson is hit by Cooper Marody and loses puck.
15:27 of 2nd period - Wrist shot by Cooper Marody.
15:27 of 2nd period - Shot Misses the Net.
17:22 of 2nd period - Slapshot by Dominik Kubalik.
17:22 of 2nd period - Shot Misses the Net.
17:26 of 2nd period - Slapshot by Dominik Kubalik.
17:26 of 2nd period - Shot Misses the Net.
17:38 of 2nd period - Snap shot by Brad Marchand.
17:38 of 2nd period - Stopped by John Gibson without a rebound.
17:39 of 2nd period - Kirby Dach wins face-off versus Nico Hischier in Los Angeles Kings zone.
17:50 of 2nd period - Wrist shot by Brad Marchand.
17:50 of 2nd period - Shot Blocked by Erik Brannstrom.
17:52 of 2nd period - Slapshot by Erik Cernak.
17:52 of 2nd period - Stopped by John Gibson without a rebound.
17:53 of 2nd period - Brayden Point wins face-off versus Peyton Krebs in Los Angeles Kings zone.
18:47 of 2nd period - Snap shot by Brayden Point.
18:47 of 2nd period - Stopped by John Gibson without a rebound.
18:48 of 2nd period - Nicklas Backstrom wins face-off versus Jordan Kyrou in Los Angeles Kings zone.
18:48 of 2nd period - Nicklas Backstrom is hit by Brad Marchand.
18:57 of 2nd period - Minor Penalty to Nico Hischier for Interference.
18:58 of 2nd period - Nicklas Backstrom wins face-off versus Dominik Kubalik in Washington Capitals zone.
19:02 of 2nd period - Wrist shot by Nicklas Backstrom.
19:02 of 2nd period - Shot Misses the Net.
19:08 of 2nd period - Wrist shot by Seth Jarvis.
19:08 of 2nd period - Shot Misses the Net.
19:10 of 2nd period - Slapshot by Noah Dobson.
19:10 of 2nd period - Shot Misses the Net.
19:12 of 2nd period - Slapshot by Joshua Brown.
19:12 of 2nd period - Shot Misses the Net.
19:14 of 2nd period - Slapshot by Noah Dobson.
19:14 of 2nd period - Shot Blocked by Dominik Kubalik.
Goals for this period are 1 for Los Angeles Kings vs 1 for Washington Capitals.
Shots for this period are 6 for Los Angeles Kings vs 10 for Washington Capitals.
3rd period
0:01 of 3rd period - Dominik Kubalik wins face-off versus Kirby Dach in neutral zone.
0:10 of 3rd period - Snap shot by Dominik Kubalik.
0:10 of 3rd period - Shot Misses the Net.
0:14 of 3rd period - Wrist shot by Brad Marchand.
0:14 of 3rd period - Stopped by John Gibson with a rebound.
0:16 of 3rd period - Slapshot by David Savard.
0:16 of 3rd period - Stopped by John Gibson without a rebound.
0:17 of 3rd period - Nicklas Backstrom wins face-off versus Dominik Kubalik in Los Angeles Kings zone.
0:22 of 3rd period - Brad Marchand is hit by Seth Jarvis and loses puck.
0:48 of 3rd period - Wrist shot by Andrei Kuzmenko.
0:48 of 3rd period - Stopped by Jake Oettinger with a rebound.
0:50 of 3rd period - Slapshot by Andrei Svechnikov.
0:50 of 3rd period - Stopped by Jake Oettinger without a rebound.
0:51 of 3rd period - Nicklas Backstrom wins face-off versus Nick Foligno in Washington Capitals zone.
0:57 of 3rd period - Penalty to Nico Hischier is over, Nico Hischier is back on ice.
1:43 of 3rd period - Snap shot by Alexander Radulov.
1:43 of 3rd period - Stopped by Jake Oettinger with a rebound.
1:45 of 3rd period - Snap shot by Vitali Kravtsov.
1:45 of 3rd period - Goal by Vitali Kravtsov - Los Angeles Kings : 2 - Washington Capitals : 1.
1:46 of 3rd period - Brayden Point wins face-off versus Andrei Kuzmenko in neutral zone.
1:55 of 3rd period - Slapshot by Jason Robertson.
1:55 of 3rd period - Stopped by John Gibson with a rebound.
1:57 of 3rd period - Wrist shot by Brayden Point.
1:57 of 3rd period - Stopped by John Gibson with a rebound.
1:59 of 3rd period - Wrist shot by Jason Robertson.
1:59 of 3rd period - Deflect By Andrei Kuzmenko.
1:59 of 3rd period - Stopped by John Gibson with a rebound.
2:01 of 3rd period - Snap shot by Ian Cole.
2:01 of 3rd period - Stopped by John Gibson without a rebound.
2:02 of 3rd period - Nico Hischier wins face-off versus Nicklas Backstrom in Los Angeles Kings zone.
2:37 of 3rd period - Slapshot by Andrei Kuzmenko.
2:37 of 3rd period - Shot Misses the Net.
2:39 of 3rd period - Minor Penalty to David Savard for Interference.
2:40 of 3rd period - Nico Hischier wins face-off versus Nicklas Backstrom in Washington Capitals zone.
2:40 of 3rd period - Nico Hischier is hit by Trent Frederic.
2:48 of 3rd period - Ian Cole is hit by Seth Jarvis and loses puck.
3:05 of 3rd period - Kirby Dach is hit by Nick Foligno and loses puck.
3:12 of 3rd period - Snap shot by Andrei Kuzmenko.
3:12 of 3rd period - Shot Misses the Net.
3:14 of 3rd period - Snap shot by Andrei Svechnikov.
3:14 of 3rd period - Shot Misses the Net.
4:39 of 3rd period - Penalty to David Savard is over, David Savard is back on ice.
5:00 of 3rd period - Wrist shot by Jason Zucker.
5:00 of 3rd period - Stopped by John Gibson with a rebound.
5:02 of 3rd period - Snap shot by Jason Zucker.
5:02 of 3rd period - Stopped by John Gibson with a rebound.
5:14 of 3rd period - Alex Ovechkin is hit by Ryan Reaves and loses puck.
5:35 of 3rd period - Nick Jensen is hit by Peyton Krebs and loses puck.
6:29 of 3rd period - Snap shot by Jordan Kyrou.
6:29 of 3rd period - Shot Misses the Net.
7:19 of 3rd period - Wrist shot by Marco Rossi.
7:19 of 3rd period - Goal by Marco Rossi - Los Angeles Kings : 3 - Washington Capitals : 1.
7:20 of 3rd period - Kirby Dach wins face-off versus Brayden Point in neutral zone.
7:35 of 3rd period - Snap shot by Kirby Dach.
7:35 of 3rd period - Shot Misses the Net.
7:41 of 3rd period - Minor Penalty to Ian Cole for High sticking.
7:42 of 3rd period - Nico Hischier wins face-off versus Kirby Dach in Washington Capitals zone.
7:59 of 3rd period - Wrist shot by Nico Hischier.
7:59 of 3rd period - Goal by Nico Hischier - Los Angeles Kings : 3 - Washington Capitals : 2.
8:00 of 3rd period - Brad Marchand wins face-off versus Nicklas Backstrom in neutral zone.
8:31 of 3rd period - Snap shot by Andrei Kuzmenko.
8:31 of 3rd period - Goal by Andrei Kuzmenko - Los Angeles Kings : 4 - Washington Capitals : 2.
8:32 of 3rd period - Nicklas Backstrom wins face-off versus Brayden Point in neutral zone.
8:37 of 3rd period - Snap shot by Nicklas Backstrom.
8:37 of 3rd period - Stopped by Jake Oettinger with a rebound.
8:39 of 3rd period - Slapshot by Trent Frederic.
8:39 of 3rd period - Stopped by Jake Oettinger with a rebound.
8:41 of 3rd period - Slapshot by Trent Frederic.
8:41 of 3rd period - Shot Blocked by Jason Robertson.
8:43 of 3rd period - Slapshot by Joshua Brown.
8:43 of 3rd period - Shot Blocked by Ian Cole.
8:45 of 3rd period - Slapshot by Noah Dobson.
8:45 of 3rd period - Shot Misses the Net.
8:47 of 3rd period - Snap shot by Nicklas Backstrom.
8:47 of 3rd period - Shot Hit the Post.
9:09 of 3rd period - Minor Penalty to Joshua Brown for Boarding.
9:10 of 3rd period - Brayden Point wins face-off versus Andrei Svechnikov in Los Angeles Kings zone.
9:12 of 3rd period - Wrist shot by Jason Robertson.
9:12 of 3rd period - Stopped by John Gibson with a rebound.
9:16 of 3rd period - Snap shot by Jason Robertson.
9:16 of 3rd period - Shot Hit the Post.
9:18 of 3rd period - Snap shot by Jason Robertson.
9:18 of 3rd period - Stopped by John Gibson without a rebound.
9:19 of 3rd period - Andrei Svechnikov wins face-off versus Brayden Point in Los Angeles Kings zone.
9:46 of 3rd period - Wrist shot by Alex Ovechkin.
9:46 of 3rd period - Stopped by John Gibson with a rebound.
10:01 of 3rd period - Minor Penalty to Nicklas Backstrom for Hooking.
10:02 of 3rd period - Owen Tippett wins face-off versus Andrei Svechnikov in Los Angeles Kings zone.
10:12 of 3rd period - Snap shot by Nico Hischier.
10:12 of 3rd period - Stopped by John Gibson without a rebound.
10:13 of 3rd period - Kirby Dach wins face-off versus Brayden Point in Los Angeles Kings zone.
10:24 of 3rd period - Wrist shot by Brayden Point.
10:24 of 3rd period - Stopped by John Gibson with a rebound.
11:08 of 3rd period - Slapshot by Brayden Point.
11:08 of 3rd period - Stopped by John Gibson with a rebound.
11:09 of 3rd period - Penalty to Joshua Brown is over, Joshua Brown is back on ice.
11:10 of 3rd period - Snap shot by Alex Ovechkin.
11:10 of 3rd period - Stopped by John Gibson without a rebound.
11:11 of 3rd period - Nico Hischier wins face-off versus Seth Jarvis in Los Angeles Kings zone.
11:26 of 3rd period - Wrist shot by Jordan Kyrou.
11:26 of 3rd period - Stopped by John Gibson without a rebound.
11:27 of 3rd period - Nico Hischier wins face-off versus Andrei Svechnikov in Los Angeles Kings zone.
12:01 of 3rd period - Penalty to Nicklas Backstrom is over, Nicklas Backstrom is back on ice.
12:28 of 3rd period - Snap shot by Seth Jarvis.
12:28 of 3rd period - Shot Blocked by Nick Foligno.
12:44 of 3rd period - Andrei Kuzmenko is hit by Nico Hischier and loses puck.
12:53 of 3rd period - Slapshot by Noah Dobson.
12:53 of 3rd period - Stopped by Jake Oettinger with a rebound.
12:55 of 3rd period - Snap shot by Andrei Kuzmenko.
12:55 of 3rd period - Shot Misses the Net.
13:05 of 3rd period - Marco Rossi is hit by Erik Johnson and loses puck.
13:12 of 3rd period - Slapshot by K'Andre Miller.
13:12 of 3rd period - Stopped by Jake Oettinger with a rebound.
13:14 of 3rd period - Slapshot by Marco Rossi.
13:14 of 3rd period - Stopped by Jake Oettinger without a rebound.
13:15 of 3rd period - Alex Ovechkin wins face-off versus Andrei Kuzmenko in Washington Capitals zone.
14:14 of 3rd period - Trent Frederic is hit by Erik Cernak and loses puck.
14:24 of 3rd period - Off-side.
14:25 of 3rd period - Peyton Krebs wins face-off versus Cody Glass in neutral zone.
14:54 of 3rd period - Wrist shot by Andrei Kuzmenko.
14:54 of 3rd period - Shot Blocked by Erik Johnson.
14:56 of 3rd period - Slapshot by Andrei Kuzmenko.
14:56 of 3rd period - Stopped by Jake Oettinger without a rebound.
14:57 of 3rd period - Brayden Point wins face-off versus Trent Frederic in Washington Capitals zone.
15:13 of 3rd period - Minor Penalty to Joshua Brown for Hooking.
15:14 of 3rd period - Brayden Point wins face-off versus Andrei Svechnikov in Los Angeles Kings zone.
15:40 of 3rd period - Snap shot by Jordan Kyrou.
15:40 of 3rd period - Shot Misses the Net.
17:13 of 3rd period - Penalty to Joshua Brown is over, Joshua Brown is back on ice.
17:28 of 3rd period - Snap shot by Dominik Kubalik.
17:28 of 3rd period - Stopped by John Gibson with a rebound.
19:11 of 3rd period - Marco Rossi is hit by Alex Ovechkin and loses puck.
19:26 of 3rd period - Snap shot by Peyton Krebs.
19:26 of 3rd period - Shot Misses the Net.
Goals for this period are 3 for Los Angeles Kings vs 1 for Washington Capitals.
Shots for this period are 12 for Los Angeles Kings vs 18 for Washington Capitals.
Back to the Top